AoeStats
← pancomido3

Arena

510281617Analyzed
2v2 RM · 16h ago on Sep 30, 2026· 39m 8s· 4 players
Game mode
Random Map
Map size
Medium (4 player)
Population
200
Speed
Normal
Resources
Standard
Victory
Conquest
Starting age
Dark Age
Ending age
Imperial Age
RankedLock teamsTeams togetherTeam positionsShared explorationLock speedFull tech treeHidden civsTurbo modeCheats
Victory
Defeat
🇦🇺 Chinese · Australia
1429
+12
🇦🇺 Spanish · Australia
1427
+13
🇺🇸 Mapuche · United States
1364
-13
🇨🇳 Spanish · China
1338
-12
快乐大赢魔
10:12 Feudal Age
13:48 Castle Age
12:10 Double-Bit Axe
12:58 Loom
13:24 Horse Collar
25:54 Wheelbarrow
26:57 Padded Archer Armor
28:44 Leather Archer Armor
29:21 Bow Saw
34:13 Imperial Age
31:41 Gold Mining
32:21 Bloodlines
36:40 Chemistry
36:46 Ring Archer Armor
36:48 Conscription
38:18 Scale Barding Armor
38:23 Forging
38:16 Husbandry
37:37 Cavalier
37:37 Light Cavalry
38:23 Fletching
38:30 Elite Skirmisher
39:15 Thumb Ring
pancomido3
13:11 Feudal Age
14:06 Double-Bit Axe
17:04 Castle Age
14:49 Horse Collar
14:49 Champi Runner
16:11 Scale Mail Armor
22:28 Champi Warrior
25:01 Bow Saw
25:50 Heavy Plow
27:03 Wheelbarrow
27:17 Gold Mining
28:47 Town Watch
32:12 Imperial Age
29:56 Forging
31:06 Gold Shaft Mining
30:44 Town Patrol
31:36 Iron Casting
31:55 Hand Cart
32:39 Chain Mail Armor
32:17 Elite Champi Warrior
34:02 Plate Mail Armor
33:57 Conscription
35:49 Blast Furnace
38:45 Elite Skirmisher
39:19 Fletching
Henrì
0:27 Loom
10:07 Feudal Age
13:55 Castle Age
12:03 Horse Collar
12:48 Double-Bit Axe
16:02 Bow Saw
21:05 Stone Mining
21:16 Gold Mining
23:58 Wheelbarrow
23:09 Town Watch
24:59 Fletching
28:48 Imperial Age
26:23 Bodkin Arrow
27:05 Padded Archer Armor
27:48 Stone Shaft Mining
27:49 Gold Shaft Mining
28:05 Heavy Plow
28:47 Leather Archer Armor
28:56 Ballistics
29:16 Hand Cart
29:02 Town Patrol
30:33 Chemistry
29:37 Elite Chu Ko Nu
29:46 Capped Ram
31:10 Conscription
30:57 Siege Ram
32:04 Bracer
32:45 Ring Archer Armor
35:28 Masonry
Isaac
7:35 Loom
10:49 Feudal Age
14:30 Castle Age
13:45 Double-Bit Axe
15:23 Bow Saw
16:02 Horse Collar
19:14 Heavy Plow
21:19 Stone Mining
21:34 Gold Mining
23:00 Bloodlines
23:28 Husbandry
31:23 Imperial Age
29:11 Herbal Medicine
29:34 Padded Archer Armor
30:38 Leather Archer Armor
30:49 Fletching
31:55 Bodkin Arrow
33:25 Ring Archer Armor
32:47 Elite Conquistador
34:51 Conscription
Connection lost

Rejoining the realm…

Still unreachable

The connection could not be restored.

Session expired

The server has moved on; the page needs a fresh start.